 Dungeon Crawl Stone Soup version 0.26-a0-651-gb41185065b (webtiles) character file.

Game seed: 15392985613165116094

14674 Flugslaktarn the Cleaver (level 11, -6/108 HPs)
             Began as a Deep Dwarf Fighter on Oct 12, 2020.
             Was an Elder of Makhleb.
             Mangled by a two-headed ogre
             ... wielding a +0 giant club
              (9 damage)
             ... on level 12 of the Dungeon.
             The game lasted 00:05:44 (6730 turns).

Flugslaktarn the Cleaver (Deep Dwarf Fighter)       Turns: 6730, Time: 00:05:45

Health: -6/108     AC: 14    Str: 18 (20) XL:     11   Next: 91%
Magic:  9/9        EV:  9    Int:  8 (9)  God:    Makhleb [****..]
Gold:   545        SH: 10    Dex: 15      Spells: 10/10 levels left

rFire    . . .     SeeInvis .   u - +1 broad axe
rCold    . . .     Faith    .   o - +0 kite shield
rNeg     . . .     Spirit   .   n - +0 chain mail
rPois    .         Reflect  .   e - +1 hat
rElec    .         Harm     .   (no cloak)
rCorr    .         Rampage  .   (no gloves)
MR       +....     Rnd*Tele +   (no boots)
Stlth    ..........             d - amulet of regeneration
HPRegen  0.00/turn              (no ring)
MPRegen  0.11/turn              (no ring)

@: non-regenerating
A: damage resistance, heal wounds, antennae 1, yellow scales 1, deterioration 1,
sense surroundings 2, teleportitis 1, no regeneration
a: Heal Wounds, Minor Destruction, Lesser Servant of Makhleb, Major Destruction,
Renounce Religion


You were on level 12 of the Dungeon.
You worshipped Makhleb.
Makhleb was greatly pleased with you.
You visited 2 branches of the dungeon, and saw 13 of its levels.
You also visited: Bailey.

You collected 545 gold pieces.

Inventory:

Hand Weapons
 a - a +0 war axe
 u - a +1 broad axe (weapon)
   (You found it on level 7 of the Dungeon)
Missiles
 l - a throwing net (quivered)
Armour
 e - a +1 hat (worn)
   (You acquired it on level 11 of the Dungeon)
 i - a cursed +1 helmet
   (You found it on level 4 of the Dungeon)
 n - a +0 chain mail (worn)
   (You took it off an orc on level 4 of the Dungeon)
 o - a +0 kite shield (worn)
Jewellery
 c - an uncursed ring of protection from cold
   (You found it on level 7 of the Dungeon)
 d - an amulet of regeneration (around neck)
   (You found it on level 8 of the Dungeon)
 k - an uncursed ring of resist corrosion
   (You found it on level 7 of the Dungeon)
 y - an uncursed ring of flight {unknown}
   (You found it on level 10 of the Dungeon)
Wands
 h - a wand of iceblast (8)
   (You found it on level 2 of the Dungeon)
 m - a wand of enslavement (5)
   (You found it on level 3 of the Dungeon)
Scrolls
 b - a scroll of enchant armour
 j - 2 scrolls of fog
 r - 6 scrolls of identify
 t - 3 scrolls of teleportation
 z - a scroll of blinking
Potions
 f - a potion of berserk rage
 g - 3 potions of flight
 p - 7 potions of lignification
 q - 3 potions of curing
 s - a potion of magic
 v - 3 potions of stabbing {unknown}
 w - 3 potions of heal wounds


   Skills:
 * Level 9.8 Fighting
 * Level 11.3 Axes
 + Level 8.6 Armour
 + Level 6.3 Dodging
 - Level 5.5 Shields
 + Level 7.6 Invocations
 + Level 7.5 Evocations


You had 10 spell levels left.
You didn't know any spells.
Your spell library was empty.

Dungeon Overview and Level Annotations

Branches:
Dungeon (12/15)            Temple (1/1) D:5            Lair (0/6) D:8
    Orc (0/2) D:9          Bailey (visited)

Altars:
Ashenzari
Cheibriados
Dithmenos
Elyvilon
Fedhas
Gozag
Hepliaklqana
Kikubaaqudgha
Makhleb
Nemelex Xobeh
Okawaru
Qazlal
Ru
Sif Muna
Trog
Uskayaw
Vehumet
Wu Jian
Xom
Yredelemnul
Zin
The Shining One

Shops:
D:6 (

Annotations:
D:6 2 runed translucent doors, Crazy Yiuf; PanSaczeczos's ghost, novice HOAK
D:11 1 runed translucent door, Zaulaxt's ghost, journeyman MiFi


Innate Abilities, Weirdness & Mutations

You are resistant to damage.
You can heal yourself by infusing magical energy.
You passively map the area around you.
You do not regenerate.
You have a pair of small antennae on your head.
You are partially covered in yellow scales. (AC +2)
Your body sometimes deteriorates upon taking damage.
You are occasionally teleported next to monsters.


Message History

The two-headed ogre barely misses you.
The two-headed ogre hits you with a +0 giant club!
* * * LOW HITPOINT WARNING * * *
You feel much better.
You barely miss the two-headed ogre.
The two-headed ogre is heavily wounded.
The two-headed ogre hits you with a +0 giant club.
You block the two-headed ogre's attack.
You slash the two-headed ogre!
The two-headed ogre is severely wounded.
The two-headed ogre hits you with a +0 giant club!
* * * LOW HITPOINT WARNING * * *
Your body deteriorates!
You feel weakened. You block the two-headed ogre's attack.
A demon appears!
The two-headed ogre hits you with a +0 giant club!!
* * * LOW HITPOINT WARNING * * *
Your body deteriorates!
You feel weakened.
The two-headed ogre hits you with a +0 giant club!
You die...

#.# #.# #.# #.#
#.################ , **
#######.................
,
........................
** *
####...O4...............
#...@.............### *
#..........>.....>#
#.................# *
#.................### ,
, ......................
,, ,
,................#######
################.# #.#
#.#


You could see a two-headed ogre and a friendly hellwing (summoned).

Vanquished Creatures
  2 two-headed ogres
  Pikel (D:6)
  An ugly thing (D:11)
  Maggie (D:6)
  A troll (D:11)
  2 hornets (D:11)
  Grinder (D:4)
  6 slime creatures
  2 hippogriffs
  Sigmund (D:4)
  2 wyverns
  20 yaks
  Edmund (D:4)
  A water moccasin (D:7)
  3 ice beasts
  A phantom (D:4)
  2 orc warriors
  2 ogres (D:9)
  2 black bears
  An eye of draining (D:9)
  6 sky beasts
  9 centaurs
  2 bullfrogs
  A gnoll sergeant (D:8)
  A wyvern zombie (D:12)
  A scorpion (D:5)
  9 killer bees
  8 wights
  5 howler monkeys
  3 bullfrog zombies
  8 hounds
  2 jellies
  2 quasits
  8 orc priests
  16 orc wizards
  2 bullfrog skeletons
  2 iguanas
  6 worker ants
  A hound skeleton (D:7)
  A howler monkey zombie (D:9)
  9 adders
  22 gnolls
  A white imp (D:7)
  An ufetubus (D:6)
  2 oozes
  2 worms
  7 leopard geckos
  65 orcs
  8 giant cockroaches
  7 goblins
  6 jackals
  2 kobolds
  4 quokkas
  A ball python (D:3)
  A bat (D:3)
  2 frilled lizards
  A leopard gecko skeleton (D:7)
  A rat (D:3)
288 creatures vanquished.

Vanquished Creatures (collateral kills)
  A two-headed ogre (D:11)
  A wizard (D:11)
  A manticore (D:11)
3 creatures vanquished.

Grand Total: 291 creatures vanquished

Notes
Turn   | Place    | Note
-------+----------+-------------------------------------------
     0 | D:1      | Flugslaktarn the Deep Dwarf Fighter began the quest for the
                  | Orb.
     0 | D:1      | Reached XP level 1. HP: 20/20 MP: 1/1
   138 | D:3      | Reached XP level 2. HP: 27/27 MP: 2/2
   355 | D:2      | Reached XP level 3. HP: 27/34 MP: 3/3
   428 | D:2      | Reached skill level 3 in Axes
   598 | D:2      | Found an opulent altar of Gozag.
   653 | D:3      | Found a glowing golden altar of the Shining One.
   689 | D:3      | Reached XP level 4. HP: 18/42 MP: 3/3
   784 | D:4      | Noticed a phantom
   819 | D:4      | Killed a phantom
   819 | D:4      | Reached skill level 4 in Axes
   819 | D:4      | Reached XP level 5. HP: 34/50 MP: 4/4
   842 | D:4      | Noticed Grinder
   845 | D:4      | Paralysed by Grinder for 2 turns
   868 | D:4      | Killed Grinder
   868 | D:4      | Reached XP level 6. HP: 58/58 MP: 5/5
   946 | D:4      | Reached skill level 5 in Axes
   949 | D:4      | Reached XP level 7. HP: 45/66 MP: 6/6
  1090 | D:4      | Noticed Sigmund
  1115 | D:4      | Killed Sigmund
  1115 | D:4      | Reached skill level 5 in Fighting
  1115 | D:4      | Reached skill level 5 in Armour
  1124 | D:4      | Noticed Edmund
  1143 | D:4      | Killed Edmund
  1143 | D:4      | Reached skill level 6 in Axes
  1143 | D:4      | Reached skill level 5 in Shields
  1391 | D:4      | Reached XP level 8. HP: 33/75 MP: 6/6
  1465 | D:4      | Gained mutation: Your body sometimes deteriorates upon
                  | taking damage. [potion of mutation]
  1465 | D:4      | Gained mutation: You are partially covered in yellow
                  | scales. (AC +2) [potion of mutation]
  1465 | D:4      | Gained mutation: You are occasionally teleported next to
                  | monsters. [potion of mutation]
  1465 | D:4      | Gained mutation: You have a pair of small antennae on your
                  | head. [potion of mutation]
  1480 | D:5      | Entered Level 5 of the Dungeon
  1519 | D:5      | Found a staircase to the Ecumenical Temple.
  1541 | Temple   | Entered the Ecumenical Temple
  1757 | Temple   | Became a worshipper of Makhleb the Destroyer
  2008 | D:5      | Reached skill level 1 in Invocations
  2008 | D:5      | Reached skill level 1 in Evocations
  2071 | D:5      | Reached skill level 1 in Dodging
  2076 | D:5      | Reached skill level 7 in Axes
  2178 | D:6      | Found a runed translucent door.
  2183 | D:6      | Noticed Maggie
  2207 | D:6      | Killed Maggie
  2215 | D:6      | Noticed PanSaczeczos's ghost (novice HOAK)
  2216 | D:6      | Noticed a centaur warrior
  2277 | D:6      | Reached * piety under Makhleb
  2306 | D:6      | Gained mutation: You passively map the area around you.
                  | [Deep Dwarf growth]
  2306 | D:6      | Reached XP level 9. HP: 49/85 MP: 6/6
  2454 | D:6      | You fall into a shaft and drop 2 floors!
  2498 | D:8      | Noticed a two-headed ogre
  2519 | D:8      | Killed a two-headed ogre
  2519 | D:8      | Reached skill level 8 in Axes
  2574 | D:8      | Found a sparkling altar of Nemelex Xobeh.
  2574 | D:8      | Found a stormy altar of Qazlal.
  2576 | D:8      | Found a blossoming altar of Fedhas.
  2746 | D:7      | Found a flagged portal.
  2772 | Bailey   | Entered a bailey
  2772 | Bailey   | Noticed an orc knight
  2800 | D:7      | Found a radiant altar of Vehumet.
  3061 | D:7      | Found a hide-covered altar of Uskayaw.
  3391 | D:7      | Reached XP level 10. HP: 51/96 MP: 8/8
  3581 | D:8      | Reached ** piety under Makhleb
  3637 | D:8      | Reached skill level 9 in Axes
  3708 | D:6      | Noticed Pikel
  3714 | D:6      | Killed Pikel
  3717 | D:6      | Found Sifusaxta's Weapon Shoppe.
  3885 | D:6      | Found a runed translucent door.
  3886 | D:6      | Noticed Crazy Yiuf
  4060 | D:8      | Found a shadowy altar of Dithmenos.
  4071 | D:8      | Found a staircase to the Lair.
  4296 | D:9      | Reached skill level 5 in Invocations
  4331 | D:9      | Reached skill level 5 in Evocations
  4335 | D:9      | Noticed a two-headed ogre
  4357 | D:9      | Killed a two-headed ogre
  4510 | D:9      | Reached *** piety under Makhleb
  4658 | D:9      | Found a radiant altar of Vehumet.
  4788 | D:9      | Reached skill level 10 in Axes
  4794 | D:9      | Reached skill level 5 in Dodging
  4801 | D:9      | Reached XP level 11. HP: 82/104 MP: 10/10
  4829 | D:9      | Reached **** piety under Makhleb
  4863 | D:9      | Found a staircase to the Orcish Mines.
  5091 | D:9      | Found a basalt altar of Yredelemnul.
  5194 | D:10     | Entered Level 10 of the Dungeon
  5896 | D:11     | Noticed a purple ugly thing
  5917 | D:11     | Killed a purple ugly thing
  5932 | D:11     | Reached ***** piety under Makhleb
  5998 | D:11     | Found a runed translucent door.
  5998 | D:11     | Found a shimmering altar of Xom.
  5998 | D:11     | Noticed a +2 hand axe of chaos
  5998 | D:11     | Noticed Zaulaxt's ghost (journeyman MiFi)
  6022 | D:11     | Noticed a two-headed ogre
  6050 | D:11     | Killed a two-headed ogre
  6095 | D:11     | Noticed a wizard
  6108 | D:11     | Killed a wizard
  6108 | D:11     | Reached skill level 11 in Axes
  6596 | D:11     | Identified a scroll of acquirement
  6596 | D:11     | Acquired a +1 hat
  6711 | D:12     | Noticed a two-headed ogre
  6730 | D:12     | HP: 3/108 [two-headed ogre/+0 giant club (23)]
  6730 | D:12     | Mangled by a two-headed ogre

Illustrated notes

Levels and vault maps discovered:
D:1:      sevenhm_arrival_forest_fort_small_4, layout_basic, minmay_bisected
D:2:      layout_basic, overflow_temple_1_default, st_stairs_14,
          minmay_domino_2, uniq_terence
D:3:      layout_basic, chequers_ecumenical_altar_simple_redux, tso_metal_star
D:4:      layout_rooms, sigmund_edmund_badplayer, uniq_grinder
D:5:      layout_rooms, temple_pool_b
D:6:      layout_cave_pools, serial_shops, shop, ebering_ghost_inner_flame,
          uniq_maggie, uniq_crazy_yiuf_cottage, uniq_pikel
D:7:      layout_cave_pods, lemuel_doored_altar, basic_altar, serial_rivers,
          chequers_serial_rivers_small_b, chequers_serial_rivers_micro_d,
          chequers_serial_rivers_small_a, chequers_serial_rivers_small_3,
          enter_bailey_6
D:8:      layout_cave_pools, grunt_temple_overflow_open,
          grunt_dithmenos_smoke_and_mirrors, lair_entry_dummy,
          serial_column_ruins, column_ruins_hut, column_ruins_open_medium,
          column_ruins_columns_dead_end, column_ruins_open_small,
          column_ruins_corridor_T, column_ruins_open_small
D:9:      layout_irregular_city, lemuel_round_altar, hiddenorc2_lemuel,
          david_defended_altar_elf
D:10:     layout_long_grid, minmay_curled_crystal, minivault_27
D:11:     layout_grid_maze, ebering_ghost_xom, chequers_serial_rivers_small_b
D:12:     layout_long_grid, enter_trove_2
Temple:   eino_temple_water

Skill      XL: |  1  2  3  4  5  6  7  8  9 10 11 |
---------------+----------------------------------+-----
Fighting       | 3 4 5 6 7 8 9 |  9.8
Axes           | 3 4 5 6 7 8 10 11 | 11.3
Armour         | 4 5 6 7 8 |  8.6
Shields        | 4 5 |  5.5
Invocations    | 2 4 6 7 |  7.6
Evocations     | 2 4 6 7 |  7.5
Dodging        | 2 3 5 6 |  6.3

Action                   |  1- 3 |  4- 6 |  7- 9 | 10-12 || total
-------------------------+-------+-------+-------+-------++-------
Melee: War axe           |    81 |    58 |   429 |       ||   568
       Broad axe         |       |       |    10 |   514 ||   524
Invok: Lesser Servant of |       |       |       |     5 ||     5
 Abil: Heal Wounds       |     1 |     3 |    14 |    25 ||    43
Evoke: Wand              |       |       |     3 |       ||     3
  Use: Potion            |       |     1 |     3 |       ||     4
       Scroll            |       |       |    15 |     2 ||    17
Armor: Scale mail        |    37 |    29 |    43 |       ||   109
       Chain mail        |       |       |   216 |   297 ||   513
Dodge: Dodged            |    26 |    13 |   131 |   220 ||   390
Block: Kite shield       |    32 |    39 |   307 |   386 ||   764

Table legend: (Time is in decaauts)
 A = Elapsed time spent in this place.
 B = Non-inter-level travel time spent in this place.
 C = Inter-level travel time spent in this place.
 D = Time resting spent in this place.
 E = Time spent auto-exploring this place.
 F = Levels seen in this place.
 G = Mean time per level.
                   A        B        C        D        E       F      G
               +--------+--------+--------+--------+--------+-----+--------+
         Total |   7000 |   6672 |    328 |      0 |   4448 |  14 |  500.0 |
       Dungeon |   6756 |   6449 |    307 |      0 |   4239 |  12 |  563.0 |
        Temple |    233 |    212 |     21 |      0 |    209 |   1 |  233.0 |
        Bailey |      9 |      9 |      0 |      0 |      0 |   1 |    9.0 |
               +--------+--------+--------+--------+--------+-----+--------+

Top non-repeatable levels by time:
     D:7: 986 daAuts
     D:9: 968 daAuts
    D:11: 800 daAuts
     D:4: 779 daAuts
    D:10: 686 daAuts
     D:8: 661 daAuts
     D:6: 536 daAuts
     D:5: 465 daAuts
     D:2: 378 daAuts
     D:3: 367 daAuts
  Temple: 233 daAuts
    D:12: 69 daAuts
     D:1: 56 daAuts
  Bailey: 9 daAuts
